 Dungeon Crawl Stone Soup version 0.28.0-53-g5a82cb258f (webtiles) character file.

Game seed: 6308802484857470905

338 LustLizard the Chopper (level 6, 0/84 HPs)
             Began as a Minotaur Berserker on July 29, 2022.
             Was a Priest of Trog.
             Slain by a gnoll
             ... wielding a +0 halberd
              (9 damage)
             ... on level 4 of the Dungeon.
             The game lasted 00:06:11 (3605 turns).

LustLizard the Chopper (Minotaur Berserker)         Turns: 3605, Time: 00:06:11

Health: 0/84       AC:  9    Str: 24    XL:     6   Next: 29%
Magic:  5/5        EV:  8    Int:  4    God:    Trog [***...]
Gold:   162        SH:  0    Dex:  9    Spells: 5/5 levels left

rFire   + . .      SeeInvis .   a - +0 hand axe
rCold   . . .      Faith    .   (no shield)
rNeg    . . .      Spirit   .   i - +0 chain mail
rPois   .          Reflect  .   (helmet restricted)
rElec   .          Harm     .   k - +0 cloak
rCorr   .          Rampage  .   (no gloves)
Will    .....                   (no boots)
Stlth   ..........              (no amulet)
HPRegen 0.24/turn               d - ring of protection from fire
MPRegen 0.09/turn               n - ring of flight

@: berserking, flying, very quick
A: horns 2, retaliatory headbutt
a: Renounce Religion, Berserk, Trog's Hand


You were on level 4 of the Dungeon.
You worshipped Trog.
Trog was most pleased with you.
You visited 1 branch of the dungeon, and saw 4 of its levels.

You collected 162 gold pieces.

Inventory:

Hand Weapons
 a - a +0 hand axe (weapon)
Missiles
 h - 59 stones (quivered)
Armour
 b - a +0 animal skin
 g - a +0 leather armour
 i - a +0 chain mail (worn)
 k - a +0 cloak (worn)
Jewellery
 d - a ring of protection from fire (left hand)
 n - a ring of flight (right hand)
 q - an amulet of faith
Scrolls
 o - a scroll of fear {unknown}
 p - 2 scrolls of teleportation {unknown}
Potions
 c - 2 potions of curing {unknown}
 e - 3 potions of might {unknown}
 f - a potion of lignification {unknown}
 j - a potion of flight {unknown}
 l - a potion of cancellation {unknown}
 m - a potion of brilliance {unknown}


   Skills:
 + Level 5.1 Fighting
 * Level 6.4 Axes
 * Level 3.3 Throwing
 - Level 2.4 Armour
 - Level 2.1 Dodging


You had 5 spell levels left.
You didn't know any spells.
Your spell library was empty.

Dungeon Overview and Level Annotations

Branches:
Dungeon (4/15)             Temple (0/1) D:4

Altars:
Trog

Shops:
D:4 =


Innate Abilities, Weirdness & Mutations

You have a pair of horns on your head.
You reflexively headbutt those who attack you in melee.


Message History

You feel sick.
The water moccasin bites you but does no damage.
You feel sick.
You closely miss the water moccasin.
The water moccasin is lightly wounded.
You feel sick. The water moccasin closely misses you.
The water moccasin bites you but does no damage.
You hit the water moccasin but do no damage.
The water moccasin is lightly wounded.
You feel sick.
The water moccasin bites you but does no damage.
You hit the water moccasin but do no damage.
The water moccasin is lightly wounded.
You feel sick.
The water moccasin bites you but does no damage.
You miss the water moccasin.
Your headbutt misses the water moccasin.
The water moccasin is lightly wounded.
You feel sick. The water moccasin bites you.
The water moccasin bites you but does no damage.
You slash the water moccasin!
The water moccasin is moderately wounded.
You feel sick.
The gnoll hits you from afar with a +0 halberd!
The water moccasin barely misses you.
You miss the water moccasin.
Your headbutt misses the water moccasin.
The water moccasin is moderately wounded.
You feel sick.
You are no longer poisoned.
The water moccasin bites you but does no damage.
The gnoll hits you from afar with a +0 halberd.
* * * LOW HITPOINT WARNING * * *
The water moccasin bites you!
* * * LOW HITPOINT WARNING * * *
A red film seems to cover your vision as you go berserk!
You feel yourself moving faster!
You feel mighty! The water moccasin bites you.
* * * LOW HITPOINT WARNING * * *
The gnoll hits you from afar with a +0 halberd!
You die...

#.# ... #.##..# #..#..#
#..#..# #..#..# #gg...#
#g#...# # ###S#...# #
#.@.#...# #
##########.#..##...# #
#.........###+###..# #
#.........#.....#..##.#
#
#.........#.⌠.⌠.#.>...#
#
#.........+..>..'.#####
####.........#.⌠.⌠.###
#............#.....###
#.##.........###'###.#


You could see a water moccasin and 3 gnolls.

Vanquished Creatures
  The ghost of dang3rdave the Distorting Gargoyle, an amateur GrTm of Lugonu (D:3)
  A scorpion (D:4)
  An orc priest (D:3)
  An orc wizard (D:3)
  4 gnolls
  4 adders
  An adder skeleton (D:4)
  2 worms (D:2)
  3 dart slugs
  3 orcs (D:3)
  5 endoplasms
  2 giant cockroaches
  10 goblins
  5 hobgoblins
  5 jackals
  2 quokkas
  5 ball pythons
  4 bats
  5 frilled lizards
  6 kobolds
  8 rats
78 creatures vanquished.

Notes
Turn   | Place    | Note
-------+----------+-------------------------------------------
     0 | D:1      | LustLizard the Minotaur Berserker began the quest for the
                  | Orb.
     0 | D:1      | Reached XP level 1. HP: 19/19 MP: 0/0
   221 | D:1      | Reached skill level 4 in Axes
   225 | D:1      | Reached XP level 2. HP: 19/27 MP: 1/1
  1163 | D:2      | Reached ** piety under Trog
  1164 | D:2      | Reached XP level 3. HP: 22/33 MP: 2/2
  1544 | D:2      | Reached skill level 1 in Throwing
  1604 | D:2      | Reached skill level 5 in Axes
  1628 | D:2      | Found a bloodstained altar of Trog.
  1770 | D:2      | Reached XP level 4. HP: 41/41 MP: 3/3
  1934 | D:2      | Found a faded altar of an unknown god.
  2214 | D:3      | Found a runed translucent door.
  2215 | D:3      | Noticed dang3rdave's ghost (amateur GrTm)
  2637 | D:3      | Reached XP level 5. HP: 27/47 MP: 4/4
  3124 | D:3      | Reached *** piety under Trog
  3289 | D:3      | Killed dang3rdave's ghost
  3290 | D:3      | Reached skill level 6 in Axes
  3318 | D:3      | Reached skill level 5 in Fighting
  3318 | D:3      | Reached XP level 6. HP: 31/56 MP: 5/5
  3517 | D:4      | Found Syamnaeb's Jewellery Emporium.
  3572 | D:4      | Found a staircase to the Ecumenical Temple.
  3589 | D:4      | Noticed a water moccasin
  3605 | D:4      | Slain by a gnoll

Illustrated notes

Levels and vault maps discovered:
D:1:      wheals_arrival_linesprint, layout_basic
D:2:      layout_loops_cross, basic_altar, nicolae_ecumenical_lake_church
D:3:      layout_loops_cross, ebering_ghost_inner_flame
D:4:      layout_basic, minmay_temple_entry_hall, serial_shops, shop

Skill      XL: |  1  2  3  4  5 |
---------------+----------------+-----
Axes           | 4 5 6 |  6.4
Fighting       | 4 5 |  5.1
Throwing       | 1 2 3 |  3.3
Armour         | |  2.4
Dodging        | |  2.1

Action                   |  1- 3 |  4- 6 || total
-------------------------+-------+-------++-------
Melee: Hand axe          |    79 |   135 ||   214
       Headbutt          |    11 |    18 ||    29
       Punch             |       |     4 ||     4
Throw: Stone             |     5 |    17 ||    22
Invok: Trog's Hand       |       |     1 ||     1
       Berserk           |       |     1 ||     1
Armor: Animal skin       |    15 |       ||    15
       Chain mail        |     7 |    76 ||    83
Dodge: Dodged            |    42 |    46 ||    88
